 Dungeon Crawl Stone Soup version 0.24-a0-535-gbb0d440638 (webtiles) character file.

Game seed: 15300002259375859488

13 Dumdum the Magician (level 2, 0/22 HPs)
             Began as a Deep Elf Wizard on Aug 9, 2019.
             Slain by a giant cockroach (1 damage)
             ... on level 1 of the Dungeon.
             The game lasted 00:02:09 (905 turns).

Dumdum the Magician (Deep Elf Wizard)                Turns: 905, Time: 00:02:10

Health: 0/22       AC: 21    Str:  1 (4)  XL:     2   Next: 24%
Magic:  8/10       EV:  2    Int: 19 (22) God:
Gold:   66         SH:  0    Dex: 11 (13) Spells: 8/11 levels left

rFire    . . .     SeeInvis .   (no weapon)
rCold    . . .     Gourm    .   (no shield)
rNeg     + + +     Faith    .   (armour currently unavailable)
rPois    +         Spirit   .   (helmet currently unavailable)
rElec    .         Reflect  .   (cloak currently unavailable)
rCorr    .         Harm     .   (gloves currently unavailable)
MR       .....     NoTele   +   (boots currently unavailable)
Stlth    ++........             (no amulet)
HPRegen  0.07/turn              (no ring)
MPRegen  0.12/turn              (no ring)

@: tree-form
A: no striking features
a: no special abilities


You were on level 1 of the Dungeon.
You were not hungry.
You were a tree.
You visited 1 branch of the dungeon, and saw 2 of its levels.

You collected 66 gold pieces.

Inventory:

Armour
 a - a +0 robe (melded)
 b - a +0 hat (melded)
Scrolls
 h - a scroll of identify {unknown}
 i - a scroll of immolation {unknown}
 k - a scroll of teleportation {unknown}
 l - a scroll of remove curse {unknown}
Potions
 g - a potion of flight
Comestibles
 d - 3 rations
 f - 2 chunks of flesh


   Skills:
 + Level 2.4 Dodging
 + Level 2.7 Stealth
 + Level 5.2 Spellcasting
 + Level 1.1 Conjurations
   Level 1.1 Summonings
 + Level 1.1 Translocations


You had 8 spell levels left.
You knew the following spells:

 Your Spells              Type           Power        Failure   Level  Hunger
a - Magic Dart            Conj           #...         8%          1    None
b - Blink                 Tloc           N/A          12%         2    #......

Your spell library contained the following spells:

 Spells                   Type           Power        Failure   Level  Hunger
 Call Imp                 Summ           #.......     12%         2    #......
 Slow                     Hex            #.......     19%         2    #......
 Conjure Flame            Conj/Fire      #.......     28%         3    ##.....
 Mephitic Cloud           Conj/Pois/Air  #.......     30%         3    ##.....


Dungeon Overview and Level Annotations

Branches:
Dungeon (2/15)

Altars:

Annotations:
D:2 Terence


Message History

You barely miss the adder.
The adder is moderately wounded.
The giant cockroach bites you but does no damage.
The adder bites you but does no damage.
You hit the adder.
The adder is heavily wounded.
The giant cockroach bites you but does no damage.
The adder bites you.
* * * LOW HITPOINT WARNING * * *
The giant cockroach bites you.
* * * LOW HITPOINT WARNING * * *
The adder bites you but does no damage.
You hit the adder.
The adder is severely wounded.
The adder bites you but does no damage.
The giant cockroach bites you but does no damage.
You barely miss the adder.
The adder is severely wounded.
The adder bites you but does no damage. The giant cockroach bites you.
You die...

##.##.#
#.......#....#
#.##.###............+
#(.#...........#....#
##.#####.#########'##
#...........# #.#
#.....#.###.#####.##
#.....#.# #.........
#.....#.# #.........
###♣S.#.# #.........
##s.#.# #.........
#.>#.# #.#####.##
##...# #.### #.#
##### #.#.# #.#
#.#.###.# #.#.....#
#.#.##### #.#.#


You could see an adder and a giant cockroach.

Vanquished Creatures
  A giant cockroach (D:2)
  3 goblins
  A hobgoblin (D:1)
  3 bats
  2 frilled lizards (D:2)
  2 kobolds
  2 rats
14 creatures vanquished.

Notes
Turn   | Place    | Note
-------+----------+-------------------------------------------
     0 | D:1      | Dumdum the Deep Elf Wizard began the quest for the Orb.
     0 | D:1      | Reached XP level 1. HP: 10/10 MP: 7/7
   580 | D:2      | Reached skill level 5 in Spellcasting
   628 | D:2      | Reached XP level 2. HP: 15/15 MP: 1/10
   632 | D:2      | Learned a level 2 spell: Blink
   845 | D:2      | Noticed Terence
   896 | D:1      | HP: 1/22 [giant cockroach (2)]
   903 | D:1      | HP: 1/22 [giant cockroach (2)]
   905 | D:1      | Slain by a giant cockroach

Levels and vault maps discovered:
D:1:      scummos_arrival_gate, layout_basic
D:2:      layout_basic, item_on_display_a, uniq_natasha, uniq_terence

Skill      XL: |  1 |
---------------+----+-----
Spellcasting   | 5 |  5.2
Dodging        | |  2.4
Stealth        | |  2.7
Conjurations   | |  1.1
Summonings     | |  1.1
Translocations | |  1.1

Action                   || total
-------------------------++-------
Melee: Unarmed           ||     6
 Cast: Magic Dart        ||    31
       Blink             ||     2
  Use: Potion            ||     4
Armor: Robe              ||     6
       Skin              ||    16
Dodge: Dodged            ||     9

Table legend:
 A = Non-vault XP
 B = Vault XP
 C = Vault XP percentage of total XP
 D = Non-vault monster count
 E = Vault monster count
 F = Vault count percentage of total count
                 A         B        C        D         E       F
            +---------+---------+-------+---------+---------+-------
      Total |      19 |       0 |   0.0 |      14 |       0 |   0.0
            +---------+---------+-------+---------+---------+-------
        D:1 |       8 |       0 |   0.0 |       6 |       0 |   0.0
        D:2 |      11 |       0 |   0.0 |       8 |       0 |   0.0
            +---------+---------+-------+---------+---------+-------
